 Dungeon Crawl Stone Soup version 0.30-a0-218-gedb9141078 (webtiles) character file.

Game seed: 5105635426737548231

21700 LnG the Unseen (level 13, -5/74 HPs)
             Began as a Kobold Summoner on Oct 5, 2022.
             Was an Elder of Dithmenos.
             Engulfed by a death drake (shapeshifter)'s foul pestilence (8 damage)
             ... on level 13 of the Dungeon.
             The game lasted 00:46:26 (16994 turns).

LnG the Unseen (Kobold Summoner)                   Turns: 16994, Time: 00:46:26

Health: -5/74      AC: 10    Str:  8    XL:     13   Next: 21%
Magic:  24/24      EV: 24    Int: 21    God:    Dithmenos [****..]
Gold:   735        SH:  0    Dex: 16    Spells: 14/27 levels left

rFire   + + .      SeeInvis .    m - +3 dagger (protect)
rCold   x . .      Faith    .    (no shield)
rNeg    . . .      Spirit   .    z - +1 robe {rF+}
rPois   .          Reflect  .    f - +0 helmet
rElec   .          Harm     .    I - +2 cloak
rCorr   .          Rampage  .    P - +2 pair of gloves {Str+3}
Will    .....                    (no boots) Stlth **++++++++
                                 (no amulet)
HPRegen 0.32/turn                n - +4 ring of evasion
MPRegen 0.19/turn                F - ring of fire

@: lethally poisoned (-5 -> -64), wreathed by umbra, studying Short Blades
A: small, no large weapons, nightstalker 3
a: Renounce Religion, Shadow Step


You were on level 13 of the Dungeon.
You worshipped Dithmenos.
Dithmenos was greatly pleased with you.
You visited 2 branches of the dungeon, and saw 14 of its levels.

You collected 1535 gold pieces.
You spent 800 gold pieces at shops.

Inventory:

Hand Weapons
 c - a +0 dagger
 m - a +3 dagger of protection (weapon)
Armour
 f - a +0 helmet (worn)
 z - a +1 robe of fire resistance (worn)
 I - a +2 cloak (worn)
 P - a +2 pair of gloves of strength (worn)
Jewellery
 d - a +4 ring of slaying
 n - a +4 ring of evasion (left hand)
 p - a +4 ring of protection
 r - a +6 ring of strength
 t - a +4 ring of evasion
 u - a ring of resist corrosion
 w - a ring of poison resistance
 F - a ring of fire (right hand)
 O - a ring of fire
Wands
 o - a wand of digging (17)
 y - a wand of iceblast (9)
 D - a wand of flame (20)
 G - a wand of acid (11)
 J - a wand of mindburst (7)
 M - a wand of charming (3)
 Q - a wand of polymorph (5)
Scrolls
 a - 5 scrolls of fog
 g - 6 scrolls of teleportation (quivered)
 j - 3 scrolls of identify
 q - 4 scrolls of magic mapping
 s - a scroll of fear
 x - 2 scrolls of silence
 A - 2 scrolls of amnesia
 C - 2 scrolls of immolation
 E - a scroll of summoning {unknown}
 L - 2 scrolls of enchant armour {unknown}
Potions
 b - a potion of magic
 e - a potion of cancellation
 h - a potion of berserk rage
 i - 3 potions of might
 k - 3 potions of attraction
 l - a potion of brilliance {unknown}
 v - a potion of curing
 B - 2 potions of flight
Miscellaneous
 K - a phantom mirror


   Skills:
 + Level 5.9 Fighting
 + Level 10.8 Short Blades
 + Level 9.3 Dodging
 * Level 19.3 Stealth
 + Level 7.7 Spellcasting
 + Level 8.3 Summonings
 + Level 2.2 Air Magic


You had 14 spell levels left.
You knew the following spells:

 Your Spells              Type           Power      Damage    Failure   Level
a - Summon Small Mammal   Summ           100%       N/A       1%          1
b - Call Imp              Summ           43%        N/A       1%          2
c - Call Canine Familiar  Summ           43%        N/A       1%          3
d - Summon Guardian Gole  Hex/Summ       25%        N/A       4%          3
e - Summon Lightning Spi  Summ/Air       30%        N/A       10%         4

Your spell library contained the following spells:

 Spells                   Type           Power      Damage    Failure   Level
 Slow                     Hex            32%        N/A       9%          1
 Confusing Touch          Hex            8%         N/A       24%         3
 Gell's Gravitas          Tloc           8%         N/A       24%         3
 Lesser Beckoning         Tloc           16%        N/A       24%         3
 Portal Projectile        Hex/Tloc       16%        N/A       24%         3
 Teleport Other           Tloc           8%         N/A       24%         3
 Vampiric Draining        Necr           8%         2d6       24%         3
 Leda's Liquefaction      Hex/Erth       4%         N/A       63%         4
 Yara's Violent Unravell  Hex/Tmut       4%         3d4       92%         5
 Enfeeble                 Hex            4%         N/A       100%        7


Dungeon Overview and Level Annotations

Branches:
Dungeon (13/15)            Temple (1/1) D:7            Lair (0/5) D:10
    Orc (0/2) D:12         Vaults (0/5) D:13

Altars:
Ashenzari
Cheibriados
Dithmenos
Elyvilon
Fedhas
Gozag
Hepliaklqana
Kikubaaqudgha
Makhleb
Nemelex Xobeh
Okawaru
Qazlal
Ru
Sif Muna
Trog
Uskayaw
Vehumet
Wu Jian
Xom
Yredelemnul
Zin
The Shining One

Shops:
D:3 :

Annotations:
D:6 1 transporter, EyeSee2020's ghost, novice MiFi


Innate Abilities, Weirdness & Mutations

You are small and have problems with some larger weapons.
You are completely attuned to the shadows.


Message History

Dithmenos accepts your kill.
The +2 long sword completely misses you.
You swap places.
The tengu warrior blocks your hound's attack.
The +2 long sword hits your lightning spire!
Your hound closely misses the tengu warrior.
The tengu warrior hits your lightning spire but does no damage.
The tengu warrior hits your hound with a +2 vorpal war axe.
The tengu warrior pecks your lightning spire but does no damage.
The tengu warrior claws your lightning spire but does no damage.
The +2 long sword hits your lightning spire!
Your lightning spire is destroyed!
Your lightning spire disappears in a puff of smoke!
Your hound bites the tengu warrior but does no damage.
The tengu warrior hits your hound with a +2 vorpal war axe!
The tengu warrior pecks your hound.
Your hound dies!
Your hound's corpse disappears in a puff of smoke!
As you read the scroll of teleportation, it crumbles to dust.
You feel strangely unstable. The +2 long sword hits you!
Your surroundings suddenly seem different.
There is an open door here.
A death drake comes into view.
The death drake hisses angrily.
The death drake breathes miasma at you. The foul vapour misses you.
You are engulfed in dark miasma.
You are poisoned.
You feel very sick.
You feel very sick.
You feel very sick.
You feel very sick.
You see here 5 large rocks.
You feel very sick. The death drake breathes miasma at you.
The foul vapour engulfs you!
You are lethally poisoned!
* * * LOW HITPOINT WARNING * * *
You are engulfed in dark miasma.
You are more poisoned.
You die...

#.°.###########.....).
#...# ########
#...############
#....#.........#
#...k#.#######.#
#..#○#○#######.#
#..○°○○........#######
#.#○°#................
#.#○○@○....###########
#.#####.##.....# #
#.......##.....#######
##########.###........
#.###.####### #....[#
#######


You could see a death drake (catching breath).

Vanquished Creatures
  A hydra (D:13)
  A centaur warrior (D:13)
  A dancing weapon (D:13)
  2 two-headed ogres
  A boulder beetle (D:13)
  Lodul (D:10)
  2 ugly things
  5 cyclopes
  3 manticores
  Joseph (D:10)
  Maurice (D:12)
  A kobold demonologist (D:13)
  An efreet (D:13)
  2 komodo dragons
  2 trolls
  A shadow (D:12)
  12 yaks
  2 wraiths
  2 wyverns
  A basilisk (D:11)
  3 steam dragons
  2 wargs (D:10)
  3 acid dragons
  Pargi (D:4)
  A swamp drake (D:12)
  A black bear (D:6)
  3 orc warriors
  3 sky beasts
  6 ogres (D:10)
  4 centaurs
  2 kobold brigands
  A bullfrog (D:7)
  2 scorpions
  A hound (D:4)
  2 gnoll boudas
  12 orc priests
  A jelly (D:6)
  Jessica (D:3)
  5 iguanas
  Ijyb (D:5)
  10 orc wizards
  Robin (D:2)
  13 gnolls
  11 adders
  A white imp (D:6)
  An ufetubus (D:5)
  2 dart slugs
  34 orcs
  9 endoplasms
  2 giant cockroaches
  7 goblins
  5 hobgoblins
  3 jackals (D:2)
  16 kobolds
  5 quokkas
  5 ball pythons
  3 bats
  2 frilled lizards (D:3)
  3 rats
231 creatures vanquished.

Vanquished Creatures (collateral kills)
  3 two-headed ogres
  A manticore (D:13)
  3 kobold demonologists
  An unseen horror (D:12)
  A troll (D:13)
  Sigmund (D:2)
  A vampire (D:13)
  A shadow (D:11)
  2 yaks (D:9)
  A sky beast (D:7)
  An ogre (D:12)
  2 kobold brigands (D:11)
  A phantom (D:6)
  2 gnoll sergeants
  An orc priest (D:10)
  7 orc wizards
  7 gnolls
  An adder (D:2)
  2 worms (D:2)
  8 orcs
  An endoplasm (D:3)
  A giant cockroach (D:1)
  5 hobgoblins
  2 ball pythons (D:1)
  3 bats
  A frilled lizard (D:1)
  11 goblins
  10 kobolds
  2 rats
83 creatures vanquished.

Vanquished Creatures (others)
  A wizard (D:7)
  A yak (D:9)
  An orc wizard (D:13)
  A plant (D:10)
4 creatures vanquished.

Grand Total: 318 creatures vanquished

Notes
Turn   | Place    | Note
-------+----------+-------------------------------------------
     0 | D:1      | LnG the Kobold Summoner began the quest for the Orb.
     0 | D:1      | Reached XP level 1. HP: 10/10 MP: 3/3
   253 | D:1      | Reached XP level 2. HP: 15/15 MP: 5/5
   256 | D:1      | Learned a level 2 spell: Call Imp
   356 | D:1      | Reached skill level 3 in Stealth
   838 | D:1      | Reached XP level 3. HP: 19/19 MP: 1/6
   842 | D:1      | Learned a level 3 spell: Call Canine Familiar
  1108 | D:1      | Found a faded altar of an unknown god.
  1483 | D:2      | Noticed Sigmund
  1494 | D:2      | Killed Sigmund
  1495 | D:2      | Reached skill level 1 in Short Blades
  1495 | D:2      | Reached skill level 6 in Stealth
  1495 | D:2      | Reached XP level 4. HP: 24/24 MP: 4/8
  1495 | D:2      | Reached XP level 5. HP: 28/28 MP: 4/9
  1495 | D:2      | Reached XP level 6. HP: 32/32 MP: 4/10
  1503 | D:2      | Learned a level 3 spell: Summon Guardian Golem
  1703 | D:2      | Noticed Robin
  1728 | D:2      | Killed Robin
  2401 | D:3      | Reached skill level 7 in Stealth
  2426 | D:3      | Noticed Jessica
  2430 | D:3      | Killed Jessica
  2453 | D:3      | Reached XP level 7. HP: 37/37 MP: 11/11
  2524 | D:3      | Found Lealupn's Book Boutique.
  2571 | D:3      | Found a hide-covered altar of Uskayaw.
  3260 | D:4      | Noticed Pargi
  3265 | D:4      | Killed Pargi
  3398 | D:4      | Reached skill level 8 in Stealth
  3758 | D:4      | Reached skill level 1 in Fighting
  3875 | D:4      | Found a shimmering altar of Xom.
  4151 | D:5      | Entered Level 5 of the Dungeon
  4163 | D:5      | Reached skill level 9 in Stealth
  4177 | D:5      | Reached XP level 8. HP: 43/43 MP: 12/12
  4372 | D:5      | Found a shadowy altar of Dithmenos.
  4372 | D:5      | Found a snail-covered altar of Cheibriados.
  4384 | D:5      | Became a worshipper of Dithmenos the Shadowed
  4521 | D:5      | Noticed Ijyb
  4524 | D:5      | Killed Ijyb
  4525 | D:5      | Reached skill level 5 in Summonings
  4608 | D:5      | Found a hazy altar of Hepliaklqana.
  4665 | D:5      | Reached skill level 10 in Stealth
  4946 | D:5      | Found an iron altar of Okawaru.
  5416 | D:6      | Found a transporter.
  5418 | D:6      | Noticed EyeSee2020's ghost (novice MiFi)
  5616 | D:6      | Reached skill level 11 in Stealth
  5655 | D:6      | Reached XP level 9. HP: 48/48 MP: 11/14
  5660 | D:6      | Learned a level 4 spell: Summon Lightning Spire
  6055 | D:6      | Noticed a two-headed ogre
  6149 | D:7      | Found a broken altar of Ashenzari.
  6178 | D:7      | Reached skill level 5 in Short Blades
  6273 | D:7      | Reached * piety under Dithmenos
  6572 | D:7      | Found a staircase to the Ecumenical Temple.
  6612 | D:7      | Reached skill level 12 in Stealth
  6619 | Temple   | Entered the Ecumenical Temple
  6755 | D:7      | Found a bloodstained altar of Trog.
  6758 | D:7      | Noticed a wizard
  6772 | D:7      | Killed a wizard
  6835 | D:7      | Reached skill level 5 in Dodging
  6857 | D:7      | Found a stormy altar of Qazlal.
  8524 | D:9      | Reached skill level 13 in Stealth
  8582 | D:8      | Reached XP level 10. HP: 32/54 MP: 12/16
  8691 | D:9      | Reached ** piety under Dithmenos
  9277 | D:9      | Found a radiant altar of Vehumet.
  9599 | D:10     | Entered Level 10 of the Dungeon
  9602 | D:10     | Reached skill level 14 in Stealth
  9740 | D:10     | Noticed Lodul
  9744 | D:10     | Noticed a two-headed ogre
  9757 | D:10     | Killed Lodul
  9758 | D:10     | Reached skill level 15 in Stealth
 10339 | D:10     | Found a staircase to the Lair.
 10360 | D:10     | Noticed a green ugly thing
 10376 | D:10     | HP: 2/56 [poisoned by a green ugly thing]
 10646 | D:10     | Reached skill level 5 in Spellcasting
 10745 | D:10     | Killed a two-headed ogre
 10746 | D:10     | Reached XP level 11. HP: 42/60 MP: 7/18
 10865 | D:10     | Killed a green ugly thing
 10881 | D:10     | Reached skill level 16 in Stealth
 11596 | D:10     | Noticed a two-headed ogre
 11597 | D:10     | Noticed Joseph
 11978 | D:10     | Killed a two-headed ogre
 12264 | D:11     | Reached *** piety under Dithmenos
 12465 | D:11     | Noticed a two-headed ogre
 12474 | D:11     | Killed a two-headed ogre
 12475 | D:11     | Reached skill level 1 in Air Magic
 12731 | D:3      | Bought a manual of Short Blades for 800 gold pieces
 13099 | D:10     | Killed Joseph
 13100 | D:10     | Reached skill level 17 in Stealth
 13271 | D:11     | Noticed a manticore
 13275 | D:11     | Killed a manticore
 13285 | D:11     | Reached XP level 12. HP: 67/67 MP: 21/21
 13288 | D:11     | Identified the +5 scale mail of the Pits of Slime {rC+
                  | rN++}
 13448 | D:11     | Noticed a two-headed ogre
 13467 | D:11     | Killed a two-headed ogre
 13669 | D:11     | Identified the +6 ring mail of the Fifty Interlopers {rElec
                  | Dex+3}
 14503 | D:12     | Found a staircase to the Orcish Mines.
 14646 | D:12     | Reached skill level 18 in Stealth
 14649 | D:12     | Noticed Maurice
 14682 | D:12     | Killed Maurice
 14706 | D:12     | Reached skill level 10 in Short Blades
 14901 | D:12     | Reached **** piety under Dithmenos
 14991 | D:13     | Noticed a four-headed hydra
 14995 | D:13     | Killed a four-headed hydra
 14996 | D:13     | Reached skill level 5 in Fighting
 14999 | D:13     | Noticed a +2 long sword
 15001 | D:13     | Noticed a +6 long sword
 15160 | D:13     | Found a gate to the Vaults.
 15209 | D:13     | Killed a +6 long sword
 15223 | D:13     | Noticed a centaur warrior
 15399 | D:13     | Noticed a boulder beetle
 15642 | D:13     | Killed a boulder beetle
 15803 | D:13     | Killed a centaur warrior
 15804 | D:13     | Reached skill level 19 in Stealth
 15804 | D:13     | Reached XP level 13. HP: 5/73 MP: 22/24
 16993 | D:13     | HP: 3/74 [death drake (shapeshifter)/foul vapour (11)]
 16994 | D:13     | Engulfed by a death drake (shapeshifter)'s foul pestilence

Illustrated notes

Levels and vault maps discovered:
D:1:      heliophobic_arrival_glass_houses, layout_loops_corners,
          dreamdust_ecumenical_altar_hidden_monk_grotto
D:2:      layout_rooms, dk_vineyard_3, uniq_robin, uniq_sigmund
D:3:      layout_basic, lemuel_crystal_altar, serial_shops, nicolae_shop_trees,
          hangedman_feature_mirror, uniq_jessica
D:4:      layout_basic, xom_teletrap_fun, uniq_pargi
D:5:      layout_basic, gammafunk_temple_overflow_wave,
          worldfamousw_hep_ancestral_shrine, amcnicky_altar_gilded,
          minmay_a_box_with_orc_wizards_in_it, uniq_ijyb
D:6:      layout_loops_ring, gammafunk_ghost_smash
D:7:      layout_gridville, trog_wizard, grunt_qazlal_clouds,
          mainiacjoe_overflow_tiny_flanked, minmay_temple_entry_glass
D:8:      layout_basic
D:9:      layout_gridville, mainiacjoe_overflow_six_doors_small
D:10:     layout_gridville, erik_lair_orcish_takeover, grunt_ministairs_7,
          uniq_joseph, uniq_lodul
D:11:     layout_gridville
D:12:     layout_roguey, erik_orc_1, uniq_maurice
D:13:     minmay_opposing_rooms, layout_basic, erik_vaults_1
Temple:   hellmonk_temple_two_chambers

Skill      XL: |  1  2  3  4  5  6  7  8  9 10 11 12 13 |
---------------+----------------------------------------+-----
Stealth        | 3 6 7 9 11 13 15 17 19 | 19.3
Short Blades   | 1 2 3 4 6 8 9 10 | 10.8
Dodging        | 3 4 5 7 8 9 |  9.3
Spellcasting   | 3 4 5 6 7 |  7.7
Fighting       | 1 2 3 4 5 |  5.9
Summonings     | 5 6 7 8 |  8.3
Air Magic      | 1 2 |  2.2

Action                   |  1- 3 |  4- 6 |  7- 9 | 10-12 | 13-15 || total
-------------------------+-------+-------+-------+-------+-------++-------
Melee: Dagger            |    93 |    89 |   448 |   878 |   108 ||  1616
       Punch             |     1 |       |     8 |     9 |     2 ||    20
 Cast: Summon Small Mamm |    10 |     1 |     6 |       |     2 ||    19
       Call Imp          |     4 |     2 |     6 |    11 |     1 ||    24
       Call Canine Famil |     1 |     4 |    12 |    31 |     6 ||    54
       Summon Guardian G |       |       |     1 |       |       ||     1
       Summon Lightning  |       |       |       |    14 |     5 ||    19
  Use: Scroll            |       |     4 |     8 |    11 |     1 ||    24
       Potion            |       |       |       |     8 |       ||     8
 Stab: Sleeping          |    13 |    11 |    38 |    38 |       ||   100
       Distracted        |     1 |       |     6 |    17 |     3 ||    27
       Invisible         |       |       |       |     6 |       ||     6
       Confused          |       |       |       |     1 |       ||     1
Armor: Robe              |    20 |    15 |    93 |   157 |    18 ||   303
Dodge: Dodged            |    82 |    69 |   307 |   663 |    81 ||  1202

Table legend: (Time is in decaauts)
 A = Elapsed time spent in this place.
 B = Non-inter-level travel time spent in this place.
 C = Inter-level travel time spent in this place.
 D = Time resting spent in this place.
 E = Time spent auto-exploring this place.
 F = Levels seen in this place.
 G = Mean time per level.
                   A        B        C        D        E       F      G
               +--------+--------+--------+--------+--------+-----+--------+
         Total |  16471 |  15389 |   1082 |   1548 |  10531 |  14 | 1176.5 |
       Dungeon |  16367 |  15291 |   1076 |   1548 |  10441 |  13 | 1259.0 |
        Temple |    103 |     97 |      6 |      0 |     90 |   1 |  103.0 |
               +--------+--------+--------+--------+--------+-----+--------+

Top non-repeatable levels by time:
    D:10: 2452 daAuts
    D:13: 1579 daAuts
     D:9: 1366 daAuts
    D:12: 1313 daAuts
     D:8: 1295 daAuts
     D:1: 1289 daAuts
     D:5: 1194 daAuts
     D:7: 1168 daAuts
     D:4: 1066 daAuts
     D:3: 980 daAuts
    D:11: 945 daAuts
     D:6: 874 daAuts
     D:2: 842 daAuts
  Temple: 103 daAuts
